 Dungeon Crawl Stone Soup version 0.22-a0-78-g0f8607c (webtiles) character file.

46337 oplop the Thaumaturge (level 14, -3/98 HPs)
             Began as an Octopode Ice Elementalist on Jan 15, 2018.
             Was the Champion of Cheibriados.
             Slain by an orc warrior
             ... wielding a +0 mace
             ... led by an orc knight
              (14 damage)
             ... on level 1 of the Orcish Mines.
             The game lasted 01:24:11 (25909 turns).

oplop the Thaumaturge (Octopode Ice Elementalist)  Turns: 25909, Time: 01:24:12

Health: -3/98      AC: 10    Str: 26    XL:     14   Next: 37%
Magic:  23/29      EV: 25    Int: 40    God:    Cheibriados [******]
Gold:   1882       SH:  0    Dex: 28    Spells: 0/35 levels left

rFire    . . .     SeeInvis .   j - +3 mace (drain)
rCold    . . .     Gourm    .   (no shield)
rNeg     . . .     Faith    .   (helmet restricted)
rPois    +         Spirit   .   (no amulet)
rElec    .         Reflect  .   q - +1 ring of evasion
rCorr    .         Harm     .   B - ring of stealth
MR       +....     Clarity  +   g - ring of poison resistance
Stlth    +++++.....             H - +5 ring of intelligence
HPRegen  0.26/turn              Q - ring of wizardry
MPRegen  0.21/turn              (no ring)
                                (no ring)
                                (no ring)

@: icy armour, very slow
A: almost no armour, stealthy swim, amphibious, 8 rings, constrict 8, camouflage
1, blink, clarity, strong 1, gelatinous body 1
a: Blink, Bend Time, Temporal Distortion, Slouch, Step From Time, Renounce
Religion


You were on level 1 of the Orcish Mines.
You worshipped Cheibriados.
Cheibriados was exalted by your worship.
You were not hungry.

You visited 4 branches of the dungeon, and saw 23 of its levels.
You also visited: Labyrinth and Ossuary.

You collected 1918 gold pieces.
You spent 36 gold pieces at shops.

Inventory:

Hand Weapons
 c - a +0 short sword
 j - a +3 mace of draining (weapon)
 m - a +0 dagger of venom
Magical Staves
 d - an uncursed staff of cold
 s - an uncursed staff of earth
 z - an uncursed staff of air
Jewellery
 g - a ring of poison resistance (on tentacle)
 q - a +1 ring of evasion (left tentacle)
 B - a ring of stealth (right tentacle)
 H - a +5 ring of intelligence (on tentacle)
 K - an uncursed ring of fire
 Q - a ring of wizardry (on tentacle)
Wands
 o - a wand of enslavement (29)
 p - a wand of iceblast (30)
 x - a wand of disintegration (28)
 D - a wand of digging (23)
 F - a wand of acid (17)
 G - a wand of polymorph (26)
 N - a wand of paralysis (21)
Scrolls
 e - 5 scrolls of remove curse
 k - 4 scrolls of amnesia
 u - 6 scrolls of identify
 w - 5 scrolls of immolation
 y - a scroll of summoning
 A - a scroll of fog
Potions
 h - a potion of curing
 i - 2 potions of cancellation
 l - 4 potions of magic
 n - 3 potions of might
 r - 2 potions of resistance
 t - a potion of ambrosia
 C - a potion of lignification {unknown}
 I - 3 potions of flight
 M - 2 potions of brilliance
Books
 a - a book of Frost

   Spells                             Type                      Level
   a - Freeze                         Ice                          1
   b - Throw Frost                    Conjuration/Ice              2
   c - Ozocubu's Armour               Charms/Ice                   3
   d - Throw Icicle                   Conjuration/Ice              4
   e - Summon Ice Beast               Ice/Summoning                4
 v - a book of Misfortune

   Spells                             Type                      Level
   a - Confusing Touch                Hexes                        1
   b - Confuse                        Hexes                        3
   c - Gell's Gravitas                Translocation                3
   d - Petrify                        Transmutation/Earth          4
   e - Metabolic Englaciation         Hexes/Ice                    5
   f - Yara's Violent Unravelling     Hexes/Transmutation          5
 E - a book of Summonings

   Spells                             Type                      Level
   a - Recall                         Summoning/Translocation      3
   b - Aura of Abjuration             Summoning                    5
   c - Summon Demon                   Summoning                    5
   d - Summon Forest                  Summoning/Translocation      5
   e - Summon Mana Viper              Hexes/Summoning              5
   f - Shadow Creatures               Summoning                    6
 J - the Collected Works on Boosting Stones
   (You found it on level 4 of the Lair of Beasts)

   Spells                             Type                      Level
   a - Swiftness                      Charms/Air                   2
   b - Passwall                       Transmutation/Earth          2
   c - Leda's Liquefaction            Hexes/Earth                  4
   d - Excruciating Wounds            Charms/Necromancy            5
   e - Ring of Flames                 Charms/Fire                  7
 L - a book of Conjurations

   Spells                             Type                      Level
   a - Magic Dart                     Conjuration                  1
   b - Searing Ray                    Conjuration                  2
   c - Dazzling Spray                 Conjuration/Hexes            3
   d - Fulminant Prism                Conjuration/Hexes            4
   e - Force Lance                    Conjuration/Translocation    4
   f - Iskenderun's Mystic Blast      Conjuration                  4
 O - a book of Necromancy

   Spells                             Type                      Level
   a - Pain                           Necromancy                   1
   b - Animate Skeleton               Necromancy                   1
   c - Vampiric Draining              Necromancy                   3
   d - Regeneration                   Charms/Necromancy            3
   e - Animate Dead                   Necromancy                   4
   f - Borgnjor's Vile Clutch         Necromancy/Earth             5
 P - a book of Air

   Spells                             Type                      Level
   a - Shock                          Conjuration/Air              1
   b - Swiftness                      Charms/Air                   2
   c - Static Discharge               Conjuration/Air              3
   d - Airstrike                      Air                          4
   e - Lightning Bolt                 Conjuration/Air              5
 R - a book of Clouds

   Spells                             Type                      Level
   a - Poisonous Vapours              Poison/Air                   2
   b - Mephitic Cloud                 Conjuration/Poison/Air       3
   c - Conjure Flame                  Conjuration/Fire             3
   d - Freezing Cloud                 Conjuration/Ice/Air          6
   e - Ring of Flames                 Charms/Fire                  7
Comestibles
 b - 23 rations


   Skills:
 - Level 9.9 Fighting
 + Level 10.2 Dodging
 - Level 2.6 Stealth
 - Level 11.3 Spellcasting
 + Level 2.8 Conjurations
 - Level 4.0 Hexes
 - Level 5.0 Summonings
 - Level 11.2 Ice Magic
 + Level 2.5 Air Magic
 - Level 10.9 Invocations


You couldn't memorise any spells.
You knew the following spells:

 Your Spells              Type           Power        Failure   Level  Hunger
a - Freeze                Ice            ####         0%          1    None
b - Ozocubu's Armour      Chrm/Ice       ######..     1%          3    None
c - Summon Ice Beast      Ice/Summ       ######..     1%          4    None
d - Throw Icicle          Conj/Ice       ######..     1%          4    None
e - Summon Mana Viper     Hex/Summ       ######..     2%          5    None
f - Regeneration          Chrm/Necr      ###.......   1%          3    None
g - Force Lance           Conj/Tloc      ####....     3%          4    None
h - Summon Demon          Summ           ######....   2%          5    None
i - Freezing Cloud        Conj/Ice/Air   ######....   10%         6    ###....


Dungeon Overview and Level Annotations

Branches:
Dungeon (14/15)            Temple (1/1) D:5            Lair (6/6) D:11
  Swamp (0/4) Lair:2       Spider (0/4) Lair:3        Slime (0/5) Lair:5
    Orc (2/2) D:10
    Elf: Orc:2       Vaults: D:13-14

Altars:
Ashenzari
Cheibriados
Dithmenos
Elyvilon
Fedhas
Gozag
Hepliaklqana
Kikubaaqudgha
Makhleb
Nemelex Xobeh
Okawaru
Qazlal
Ru
Sif Muna
Trog
Uskayaw
Vehumet
Wu Jian
Xom
Yredelemnul
Zin
The Shining One
Jiyva

Shops:
D:9 *   D:10 (   Orc:2 [*

Annotations:
D:4 anet's ghost, amateur DEWz
D:8 Joseph
D:10 exclusion: ice statue
D:13 Rupert
D:14 Urug
Lair:2 exclusions: hydra and komodo dragon
Lair:5 exclusion: 2 oklob plants


Innate Abilities, Weirdness & Mutations

You cannot wear most types of armour.
You are very stealthy in the water. (Stealth+)
You are amphibious.
You can wear up to eight rings at the same time.
You can use your tentacles to constrict eight enemies at once.
Your skin changes colour to match your surroundings (Stealth+).
Your rubbery body absorbs attacks. (AC +1, EV +1)
You can translocate small distances at will.
You possess an exceptional clarity of mind.
Your muscles are strong. (Str +2)


Message History

The bolt of negative energy hits your ice devil.
Your ice devil completely resists.
The orc warrior misses you. The chaos spawn closely misses you.
Your ice devil hits the orc warrior.
Your ice devil freezes the orc warrior!!
The orc warrior barely misses you.
The orc sorcerer gestures at you while chanting.
The bolt of fire hits the chaos spawn.
The bolt of fire hits you! The bolt of fire misses your ice devil.
The heat melts your icy armour.
You climb upwards.
Your summoned ally is left behind.
There is a stone staircase leading down here.
You hit the orc warrior but do no damage.
You grab the orc warrior. You squeeze the orc warrior.
The orc warrior is lightly wounded.
You constrict the orc warrior. The orc warrior completely misses you.
The orc warrior hits you with a short sword!!
* * * LOW HITPOINT WARNING * * *
The orc warrior hits you with a mace!
You die...

#....#...........## ##.##
##..###.#.......## #...#
##.......#..[[..## ##...
#...........[[[).## ##.#
##..........[.)...# ###
##...............## ###
#....#............## ###.#
##...........o.....######.[.[
#...........@........#.#[)[.)
##..........o.............)#.
#.................#.#..^..##
##.................##........
#...........#.......##.......
#....................##......
#................##.####.....
##......###.#.....### ##.....
#........###.....## ##......


You could see 2 orc warriors.

Vanquished Creatures
  A two-headed ogre (D:9)
  4 hydras
  A centaur warrior (D:13)
  2 orc knights
  An ugly thing (D:13)
  A cyclops (Orc:1)
  6 black mambas
  A gargoyle (D:13)
  2 spiny frogs
  4 komodo dragons
  A rime drake (Lair:6)
  2 kobold demonologists (D:14)
  5 trolls
  6 blink frogs (Lair:3)
  A hornet (D:11)
  2 slime creatures (D:12)
  2 dream sheep (Lair:5)
  8 hippogriffs
  A wraith (D:11)
  3 yaks
  2 basilisks
  5 vampire mosquitoes
  2 wargs (Orc:2)
  16 water moccasins
  20 orc warriors
  7 porcupines
  A sky beast (D:9)
  2 ice beasts
  4 ogres
  A phantom (D:4)
  2 boggarts (D:14)
  4 wolves (Lair:3)
  A centaur (D:10)
  7 crocodiles
  An elf zombie (Ossuary)
  2 big kobolds (D:3)
  9 bullfrogs
  A gnoll sergeant (D:10)
  A water moccasin skeleton (D:4)
  7 scorpions
  3 killer bees (D:10)
  A wight (D:12)
  5 electric eels (D:10)
  4 howler monkeys
  5 crimson imps
  A bullfrog zombie (D:8)
  A lava snake (Lab)
  4 human zombies (Ossuary)
  4 jellies
  A quasit (D:11)
  A centaur skeleton (D:4)
  4 hounds
  10 orc priests
  2 centaur zombies
  2 bullfrog skeletons
  3 iguanas
  10 orc wizards
  Ijyb (D:3)
  Terence (D:2)
  9 worker ants
  2 killer bee zombies
  A hound zombie (D:10)
  A hound skeleton (D:10)
  12 adders
  13 gnolls
  2 shadow imps (D:9)
  3 oozes
  An adder zombie (D:9)
  2 worms
  4 dart slugs
  A leopard gecko (D:4)
  55 orcs
  3 bats
  6 giant cockroaches
  23 goblins
  24 hobgoblins
  6 jackals
  A quokka (D:11)
  2 ball pythons
  A ball python zombie (D:5)
  3 frilled lizards
  A jackal skeleton (D:7)
  16 kobolds
  6 rats
  A rat zombie (D:6)
411 creatures vanquished.

Vanquished Creatures (collateral kills)
  A minotaur (Lab)
  7 hydras
  A catoblepas (D:13)
  A tengu warrior (D:13)
  3 two-headed ogres
  2 orc high priests (Orc:2)
  A sun demon (Lair:6)
  A deep elf mage (D:12)
  A wizard (Lair:6)
  8 ugly things
  2 orc knights (Orc:2)
  An orc sorcerer (Orc:2)
  6 elephants (Lair:6)
  4 spiny frogs
  2 komodo dragons
  6 rime drakes (Lair:6)
  2 tengu conjurers
  An ice devil (D:11)
  4 trolls
  A merfolk (D:14)
  3 blink frogs (Lair:3)
  5 hippogriffs
  9 slime creatures (D:12)
  7 dream sheep
  A vampire (D:12)
  14 yaks
  3 wyverns
  5 basilisks
  A steam dragon (Lair:3)
  A vampire mosquito (D:12)
  A warg (Orc:1)
  4 water moccasins
  12 orc warriors
  2 hell hounds (Lair:6)
  An eye of draining (D:11)
  An ice beast (D:7)
  A black bear (D:9)
  11 ogres
  2 phantoms
  2 boggarts (D:14)
  3 centaurs
  7 crocodiles
  Blork the orc (D:5)
  A big kobold (D:3)
  2 bullfrogs
  A scorpion (D:12)
  7 wights
  An electric eel (D:10)
  A crimson imp (D:12)
  3 lava snakes (Lab)
  2 centaur zombies
  A human zombie (Ossuary)
  3 orc priests
  A gnoll shaman (D:7)
  A centaur skeleton (D:9)
  8 orc wizards
  2 mummies (Ossuary)
  9 gnolls
  An adder (D:7)
  19 orcs
  A giant cockroach (D:7)
  5 goblins (D:3)
  5 hobgoblins (D:3)
  2 jackals (D:7)
228 creatures vanquished.

Vanquished Creatures (others)
  A two-headed ogre (D:13)
  An orc (D:13)
  10 fungi
  A plant (Lair:6)
13 creatures vanquished.

Grand Total: 652 creatures vanquished

Notes
Turn   | Place    | Note
-------+----------+-------------------------------------------
     0 | D:1      | oplop the Octopode Ice Elementalist began the quest for the Orb.
     0 | D:1      | Reached XP level 1. HP: 11/11 MP: 3/3
   321 | D:1      | Reached XP level 2. HP: 14/17 MP: 5/5
   528 | D:1      | Reached XP level 3. HP: 13/22 MP: 6/6
  1297 | D:2      | Noticed Terence
  1304 | D:2      | Reached skill level 1 in Fighting
  1327 | D:2      | Killed Terence
  1327 | D:2      | Reached XP level 4. HP: 26/28 MP: 3/8
  2142 | D:3      | Reached XP level 5. HP: 33/33 MP: 7/9
  2347 | D:3      | Noticed Ijyb
  2358 | D:3      | Killed Ijyb
  2693 | D:3      | Reached XP level 6. HP: 21/39 MP: 4/11
  3620 | D:4      | Learned a level 3 spell: Ozocubu's Armour
  4078 | D:4      | Reached skill level 5 in Ice Magic
  4106 | D:4      | Reached XP level 7. HP: 36/45 MP: 9/13
  4227 | D:4      | Learned a level 4 spell: Summon Ice Beast
  4292 | D:4      | Noticed anet's ghost (amateur DEWz)
  4333 | D:5      | Entered Level 5 of the Dungeon
  4379 | D:5      | Noticed Blork the orc
  4388 | D:5      | Killed Blork the orc
  4458 | D:5      | Reached skill level 1 in Summonings
  5178 | D:5      | Found a staircase to the Ecumenical Temple.
  5581 | Temple   | Entered the Ecumenical Temple
  5791 | Temple   | Became a worshipper of Cheibriados the Contemplative
  6053 | D:6      | Reached XP level 8. HP: 12/52 MP: 0/15
  6364 | D:6      | Found a snail-covered altar of Cheibriados.
  6409 | D:6      | Found a sand-covered staircase.
  6416 | Ossuary  | Entered an ossuary
  6452 | Ossuary  | Reached skill level 5 in Spellcasting
  6950 | D:6      | Found a shadowy altar of Dithmenos.
  7201 | D:7      | Noticed a yak
  7208 | D:7      | Learned a level 4 spell: Throw Icicle
  7378 | D:7      | Reached * piety under Cheibriados
  7519 | D:7      | Noticed a yak
  7519 | D:7      | Noticed a yak
  7635 | D:8      | Noticed a wyvern
  7675 | D:8      | Noticed Joseph
  7737 | D:8      | Killed a wyvern
  7737 | D:8      | Reached XP level 9. HP: 27/58 MP: 3/17
  8381 | D:8      | Reached skill level 5 in Dodging
  8676 | D:8      | Reached ** piety under Cheibriados
  8786 | D:9      | Noticed a two-headed ogre
  8817 | D:9      | oplop: ??ogre
  8817 | D:9      | beem: ogre[1/7]: Ogres have low accuracy and health, but can deal a lot of damage when they hit. It is a good idea to pick them off from a distance, using poisoned projectiles. Are notable for their slow attacks with giant (spiked) clubs. If you step away after it swings, you might create a gap. See also: {two-headed ogre} {ogre mage} and Unique {Erolcha}.
  8817 | D:9      | oplop: ??two-headed ogre
  8817 | D:9      | beem: two-headed ogre[1/1]: Like an {ogre}, but has a second attack and marginally better HP and MR. Not as memorable as your first ogre, since their defenses and accuracy are still awful.
  9073 | D:9      | Found an ancient bone altar of Kikubaaqudgha.
  9074 | D:9      | Noticed an orange demon
  9075 | D:9      | Noticed a rust devil
  9169 | D:9      | Found Xoath's General Store.
  9172 | D:9      | Bought a scroll of teleportation for 36 gold pieces
  9183 | D:9      | Gained mutation: You have a pair of small antennae on your head. [potion of mutation]
  9183 | D:9      | Gained mutation: Your spells are a little harder to cast, but a little more powerful. [potion of mutation]
  9183 | D:9      | Gained mutation: Scrolls take you a little longer to read. [potion of mutation]
  9183 | D:9      | Gained mutation: You have a beak for a mouth. [potion of mutation]
  9184 | D:9      | Lost mutation: Scrolls take you a little longer to read. [potion of mutation]
  9184 | D:9      | Lost mutation: You have a pair of small antennae on your head. [potion of mutation]
  9184 | D:9      | Lost mutation: Your spells are a little harder to cast, but a little more powerful. [potion of mutation]
  9184 | D:9      | Gained mutation: You are partially covered in iridescent scales. (AC +2) [potion of mutation]
  9552 | D:9      | Killed a two-headed ogre
  9552 | D:9      | Reached skill level 5 in Fighting
  9634 | D:10     | Entered Level 10 of the Dungeon
  9859 | D:10     | Reached skill level 1 in Invocations
  9859 | D:10     | Reached XP level 10. HP: 32/66 MP: 2/21
 10106 | D:10     | Found Ogiuc's Antique Weapon Boutique.
 10500 | D:7      | Reached *** piety under Cheibriados
 10607 | D:7      | Noticed a two-headed ogre
 10616 | D:7      | Killed a two-headed ogre
 10888 | D:3      | Reached **** piety under Cheibriados
 11027 | D:3      | You fall through a shaft for 2 floors!
 11740 | D:9      | Reached ***** piety under Cheibriados
 12227 | D:10     | Noticed an ice statue
 12301 | D:10     | HP: 1/68 [hippogriff (8)]
 12445 | D:10     | Found a staircase to the Orcish Mines.
 12549 | D:10     | Reached XP level 11. HP: 72/72 MP: 1/23
 12555 | D:10     | Reached skill level 5 in Invocations
 12902 | D:11     | Found a staircase to the Lair.
 13102 | Lair:1   | Entered Level 1 of the Lair of Beasts
 13327 | Lair:1   | Lost mutation: You have a beak for a mouth. [potion of mutation]
 13327 | Lair:1   | Lost mutation: You are partially covered in iridescent scales. (AC +2) [potion of mutation]
 13327 | Lair:1   | Gained mutation: You expend magic power (3 MP) to strengthen your wands. [potion of mutation]
 13327 | Lair:1   | Gained mutation: You are resistant to hostile enchantments. (MR+) [potion of mutation]
 13327 | Lair:1   | Gained mutation: You evolve. [potion of mutation]
 14203 | Lair:2   | Noticed a six-headed hydra
 14247 | Lair:2   | Found a staircase to the Swamp.
 14415 | Lair:2   | Reached skill level 10 in Ice Magic
 14565 | Lair:2   | Gained mutation: Your natural rate of healing is unusually fast. [evolution]
 14565 | Lair:2   | Lost mutation: You evolve. [end of evolution]
 15127 | Lair:3   | Noticed a five-headed hydra
 15144 | Lair:3   | Killed a five-headed hydra
 15459 | Lair:3   | Reached XP level 12. HP: 49/81 MP: 1/25
 15551 | Lair:3   | Found a blossoming altar of Fedhas.
 15586 | Lair:3   | Noticed a six-headed hydra
 15594 | Lair:3   | Killed a six-headed hydra
 15654 | Lair:3   | Noticed a seven-headed hydra
 15667 | Lair:3   | Killed a seven-headed hydra
 15955 | Lair:3   | Found a hole to the Spider Nest.
 16075 | Lair:4   | Identified the Collected Works on Boosting Stones
 16903 | Lair:5   | Reached skill level 10 in Spellcasting
 16957 | Lair:5   | Found a viscous altar of Jiyva.
 16957 | Lair:5   | Found a staircase to the Slime Pits.
 17036 | Lair:5   | Noticed a six-headed hydra
 17044 | Lair:5   | Killed a six-headed hydra
 17118 | Lair:5   | Found a dark tunnel.
 17331 | Lair:5   | Learned a level 5 spell: Summon Mana Viper
 17508 | Lair:5   | Reached skill level 1 in Hexes
 17782 | Lair:6   | Entered Level 6 of the Lair of Beasts
 17851 | Lair:6   | Noticed a six-headed hydra
 17857 | Lair:6   | Killed a six-headed hydra
 17948 | Lair:6   | Reached ****** piety under Cheibriados
 18105 | Lair:6   | Reached skill level 5 in Summonings
 18133 | Lair:6   | Noticed an eight-headed hydra
 18237 | Lair:6   | Noticed a seven-headed hydra
 18245 | Lair:6   | Killed a seven-headed hydra
 18245 | Lair:6   | Reached XP level 13. HP: 56/88 MP: 4/27
 18957 | Lair:6   | oplop: ??frozen
 18957 | Lair:6   | beem: flash freeze[1/1]: A conjuration on Antaeus in 0.14 (and rime drakes in 0.18), and a random chance per {blood saint} {legendary destruction} cast. Does partially irresistible cold damage, decently hurts. Gives a Frozen status that slows the targets movement for three turns, but also blocks flash freeze being cast on said target.
 19542 | D:11     | Learned a level 3 spell: Regeneration
 20242 | Orc:1    | Entered Level 1 of the Orcish Mines
 20626 | Orc:1    | Found a burning altar of Makhleb.
 21056 | Orc:2    | Entered Level 2 of the Orcish Mines
 21056 | Orc:2    | Found Juigipux's Antique Armour Boutique.
 21066 | Orc:2    | Reached skill level 10 in Invocations
 21179 | Orc:2    | Noticed an orc warlord
 21354 | Orc:2    | Found Soun's General Store.
 21952 | D:12     | Lost mutation: You are resistant to hostile enchantments. (MR+) [potion of mutation]
 21952 | D:12     | Lost mutation: You expend magic power (3 MP) to strengthen your wands. [potion of mutation]
 21952 | D:12     | Lost mutation: Your natural rate of healing is unusually fast. [potion of mutation]
 21952 | D:12     | Gained mutation: Your muscles are strong. (Str +2) [potion of mutation]
 21952 | D:12     | Gained mutation: You can translocate small distances at will. [potion of mutation]
 21952 | D:12     | Gained mutation: You possess an exceptional clarity of mind. [potion of mutation]
 22014 | D:13     | oplop: ??clarity
 22014 | D:13     | beem: clarity[1/1]: Prevents confusion, unintentional berserking, sleep, and mesmerization (but not fear). Gods can and will ignore it and confuse you anyway. Xom confusion will respect clarity so long as Xom is not feeling nasty. The amulet of clarity was removed in 0.18.
 22042 | D:13     | Reached XP level 14. HP: 43/97 MP: 9/29
 22223 | D:13     | oplop: ??force lance
 22223 | D:13     | beem: force lance[1/3]: In 0.16+, L4 conjurations/translocations spell. Can knock targets up to 4 spaces back, dependent on spellpower. It's also more likely to push heavier targets at higher power. Flying targets are more impacted - they have nothing to brace themselves against. Targets that collide with a solid object such as a wall take extra damage. To-hit: 10+power/7.
 22223 | D:13     | oplop: ??force lance[2
 22223 | D:13     | beem: force lance[2/3]: In 0.15, a level 5 range 4 conjuration. Deals the same damage as {imb}. If it injures a target, it attempts to knock them back, which fails if random2(2500) is less than their body weight. There is a 50% chance of a second knockback attempt (so if both succeed they will be knocked back two spaces).
 22223 | D:13     | oplop: ??force lance[3
 22223 | D:13     | beem: force lance[3/3]: The naga ritualist points at you and mumbles some strange words. The lance of force reflects off an invisible shield around you! The lance of force hits the naga ritualist. The naga ritualist is knocked back by the lance of force. The naga ritualist slams into the rock wall! The naga ritualist dies!
 22228 | D:13     | Learned a level 4 spell: Force Lance
 22234 | D:13     | Learned a level 5 spell: Summon Demon
 22865 | D:13     | Noticed Rupert
 22870 | D:13     | Paralysed by Rupert for 6 turns
 22919 | D:13     | oplop: ??step from
 22919 | D:13     | beem: I don't have a page labeled step_from in my learndb.
 22919 | D:13     | oplop: ??step from time
 22919 | D:13     | beem: step from time[1/1]: Moves you to nowhere and lets time pass. During that time, monsters wander away. It needs a lot of Invocations to be reliable, 10 or so should be enough. The amount of time that passes depends on your invocations.
 23397 | D:14     | Reached skill level 10 in Dodging
 23451 | D:14     | Found a labyrinth entrance.
 23455 | Lab      | Entered a labyrinth
 23822 | D:14     | Noticed Urug
 24417 | D:14     | Learned a level 6 spell: Freezing Cloud
 24550 | D:14     | Reached skill level 1 in Air Magic
 24553 | D:14     | HP: 2/98 [cloud of freezing vapour (25)]
 25909 | Orc:1    | Slain by an orc warrior

Vault maps used:
D:1:      saegor_arrival_simple_b, minmay_hedge_maze,
          kennysheep_decorative_pillar, minmay_misc_feat_x, moated_statue
D:2:      first_ration, uniq_terence
D:3:      minmay_goblin_kobold_castle, uniq_ijyb
D:5:      temple_statues, uniq_blork_the_orc
D:6:      enter_ossuary_4, basic_altar, nicolae_dithmenos_the_darkroom
D:8:      uniq_joseph
D:9:      serial_shops, shop, lemuel_hellish_altar
D:10:     cheibrodos_frozen_isle, david_orc_4, serial_shops,
          nicolae_shop_statue_plus
D:11:     david_lair_generic
D:13:     hangedman_vaults_entry_quadrant_bands, uniq_rupert
D:14:     lab_entry_generic, minmay_misc_feat_chi, hangedman_fish_farm,
          minmay_item_behind_shaft, uniq_urug
Temple:   minmay_crystal_snake_temple
Lair:2:   swamp_mist, serial_bayou_pond_a, lemuel_fruit_tree
Lair:3:   dummy_spider_entry, basic_altar
Lair:5:   slime_altar_1, enter_volcano_4, minmay_lair_oklob_chamber,
          grunt_megastairs_4, infiniplex_staircase_pool_2
Lair:6:   evil_forest, st_stairs_6, minmay_lair_drake_nest, grunt_megastairs_2
Orc:1:    bloody_makhleb
Orc:2:    grunt_orc_gardens, grunt_orc_garden, grunt_orc_garden,
          grunt_orc_garden, grunt_orc_garden
Lab:      nicolae_lab_dead_adventurers, nicolae_lab_grate, nicolae_lab_diamond,
          labyrinth_lava_lair
Ossuary:  ossuary_minmay_four_chambers

Skill      XL: |  1  2  3  4  5  6  7  8  9 10 11 12 13 14 |
---------------+-------------------------------------------+-----
Fighting       | 1 2 3 4 5 6 7 9 |  9.9
Spellcasting   | 3 4 5 7 8 9 10 11 | 11.3
Ice Magic      | 4 5 6 8 9 10 11 | 11.2
Dodging        | 3 4 5 6 7 8 9 10 | 10.2
Summonings     | 1 2 5 |  5.0
Invocations    | 1 4 7 8 10 | 10.9
Hexes          | 4 |  4.0
Air Magic      | 2 |  2.5
Conjurations   | 2 |  2.8
Stealth        | |  2.6

Action                   |  1- 3 |  4- 6 |  7- 9 | 10-12 | 13-15 || total
-------------------------+-------+-------+-------+-------+-------++-------
Melee: Short sword       |    63 |   111 |       |       |       ||   174
       Constrict         |    19 |    33 |    37 |    68 |    62 ||   219
       Tentacles         |    13 |    22 |    52 |    93 |   112 ||   292
       Unarmed           |     2 |       |       |       |       ||     2
       Mace              |       |    10 |   190 |   254 |   223 ||   677
       Peck              |       |       |     7 |    40 |       ||    47
       Dagger            |       |       |       |       |     3 ||     3
 Cast: Freeze            |    20 |    38 |    33 |   105 |    23 ||   219
       Ozocubu's Armour  |       |     3 |    30 |    68 |    55 ||   156
       Summon Ice Beast  |       |       |    38 |    86 |    39 ||   163
       Throw Icicle      |       |       |     6 |    57 |    28 ||    91
       Summon Mana Viper |       |       |       |     2 |    61 ||    63
       Regeneration      |       |       |       |       |     7 ||     7
       Summon Demon      |       |       |       |       |    14 ||    14
       Freezing Cloud    |       |       |       |       |     4 ||     4
       Force Lance       |       |       |       |       |     1 ||     1
Invok: Slouch            |       |       |       |     5 |     2 ||     7
       Bend Time         |       |       |       |       |     1 ||     1
       Temporal Distorti |       |       |       |       |     4 ||     4
       Step From Time    |       |       |       |       |     2 ||     2
 Abil: Blink             |       |       |       |       |     6 ||     6
Evoke: Wand              |       |       |     1 |       |     1 ||     2
  Use: Potion            |       |     1 |     5 |     5 |     4 ||    15
       Scroll            |       |       |    15 |     6 |    16 ||    37
 Stab: Sleeping          |     7 |     6 |    10 |    12 |    11 ||    46
       Distracted        |       |     1 |     1 |     5 |     5 ||    12
  Eat: Chunk             |     1 |     7 |    10 |     4 |       ||    22
       Ration            |       |     1 |     3 |     4 |     5 ||    13
Armor: Skin              |     9 |    12 |    24 |   106 |    34 ||   185
Dodge: Dodged            |    44 |   111 |   224 |   462 |   428 ||  1269

Table legend:
 A = Spawn XP
 B = Non-spawn XP
 C = Spawn XP percentage of total XP
 D = Spawn monster count
 E = Non-spawn monster count
 F = Spawn count percentage of total count
 G = Total turns spent on level
                    A         B        C        D         E        F      G
               +---------+---------+-------+---------+---------+-------+---------
         Total |       0 |   66196 |   0.0 |       0 |     640 |   0.0 | 25909
               +---------+---------+-------+---------+---------+-------+---------
           D:1 |       0 |      48 |   0.0 |       0 |      26 |   0.0 |  1047
           D:2 |       0 |     114 |   0.0 |       0 |      21 |   0.0 |  1055
           D:3 |       0 |     665 |   0.0 |       0 |      88 |   0.0 |  2057
           D:4 |       0 |     653 |   0.0 |       0 |      15 |   0.0 |   793
           D:5 |       0 |     352 |   0.0 |       0 |       8 |   0.0 |  1667
           D:6 |       0 |     194 |   0.0 |       0 |       7 |   0.0 |   605
           D:7 |       0 |    1684 |   0.0 |       0 |      21 |   0.0 |  1158
           D:8 |       0 |     966 |   0.0 |       0 |      21 |   0.0 |   924
           D:9 |       0 |    1468 |   0.0 |       0 |      17 |   0.0 |  1048
          D:10 |       0 |    3461 |   0.0 |       0 |      53 |   0.0 |  1945
          D:11 |       0 |    2351 |   0.0 |       0 |      20 |   0.0 |  1093
          D:12 |       0 |    3539 |   0.0 |       0 |      32 |   0.0 |   725
          D:13 |       0 |    4355 |   0.0 |       0 |      30 |   0.0 |  1201
          D:14 |       0 |    5905 |   0.0 |       0 |      29 |   0.0 |  1321
        Lair:1 |       0 |     739 |   0.0 |       0 |       7 |   0.0 |  1230
        Lair:2 |       0 |    1919 |   0.0 |       0 |      13 |   0.0 |  1013
        Lair:3 |       0 |    7212 |   0.0 |       0 |      33 |   0.0 |   977
        Lair:4 |       0 |    2226 |   0.0 |       0 |      14 |   0.0 |   821
        Lair:5 |       0 |    3113 |   0.0 |       0 |      15 |   0.0 |   957
        Lair:6 |       0 |   14466 |   0.0 |       0 |      55 |   0.0 |  1406
         Orc:1 |       0 |    2636 |   0.0 |       0 |      44 |   0.0 |  1197
         Orc:2 |       0 |    7136 |   0.0 |       0 |      56 |   0.0 |   564
           Lab |       0 |     669 |   0.0 |       0 |       5 |   0.0 |   363
       Ossuary |       0 |     325 |   0.0 |       0 |      10 |   0.0 |   501
               +---------+---------+-------+---------+---------+-------+---------
